 Dungeon Crawl Stone Soup version 0.31-a0-845-g9abc20d24f (webtiles) character file.

Game seed: 15015928565974810666

51334 GigaChad the Severer (level 15, -10/120 HPs) *EXPLORE*
             Began as a Formicid Fighter on Oct 2, 2023.
             Was an Initiate of Gozag.
             Engulfed by a cloud of flame (21 damage)
             ... on level 1 of the Swamp.
             The game lasted 00:27:32 (19091 turns).

GigaChad the Severer (Formicid Fighter)            Turns: 19091, Time: 00:27:33

Health: -10/120    AC: -18   Str: 28    XL:     15   Next: 1%
Magic:  15/15      EV:  7    Int:  8    God:    Gozag
Gold:   5266       SH: 14    Dex: 13    Spells: 14/14 levels left

rFire   . . .        G - +0 battleaxe
rCold   . . .        z - +2 kite shield
rNeg    . . .        g - +2 plate armour
rPois   .            (helmet unavailable)
rElec   .            (no cloak)
rCorr   .            (no gloves)
SInv    +            (no boots)
Will    +....        (no amulet) Stlth
                     (no ring)
HPRegen 0.40/turn    (no ring)
MPRegen 0.14/turn

%: no passive effects
@: corroded, gold aura, very slow
A: permanent stasis, dig shafts and tunnels, antennae 3, four strong arms
a: Dig, Shaft Self, Renounce Religion, Potion Petition, Call Merchant, Bribe
Branch


You were on level 1 of the Swamp.
You worshipped Gozag.
Gozag was greatly pleased with you.
You visited 4 branches of the dungeon, and saw 18 of its levels.

You collected 5727 gold pieces.
You spent 384 gold pieces at shops.
You paid 77 gold pieces to Gozag.

Inventory:

Hand Weapons
 a - a +1 war axe of flaming
 s - a +4 heavy quarterstaff
 D - a +1 vampiric bardiche
 E - a -1 demon whip of venom
 G - a +0 battleaxe (weapon)
Armour
 b - a +1 scale mail
 g - a +2 plate armour (worn)
 z - a +2 kite shield (worn)
Jewellery
 q - a ring of protection from cold
Talismans
 v - a maw talisman
Wands
 c - a wand of polymorph (10)
 u - a wand of quicksilver (12)
 y - a wand of paralysis (35)
 A - a wand of flame (25)
 B - a wand of iceblast (15)
Scrolls
 f - a scroll of butterflies
 k - 2 scrolls of poison
 l - 2 scrolls of immolation
 m - 6 scrolls of teleportation
 t - 2 scrolls of fear
 x - 3 scrolls of vulnerability
 C - a scroll of noise
 H - 2 scrolls of fog
 K - 2 scrolls of amnesia {unknown}
 L - 2 scrolls of blinking {unknown}
 M - a scroll of revelation
 N - a scroll of torment {unknown}
Potions
 d - 2 potions of might
 e - 6 potions of mutation
 h - 2 potions of heal wounds
 i - 3 potions of curing
 j - 3 potions of resistance
 n - 2 potions of brilliance
 o - 2 potions of cancellation
 p - 3 potions of enlightenment
 r - 2 potions of haste
 w - 2 potions of ambrosia
 F - a potion of lignification {unknown}
 I - 2 potions of attraction {unknown}
 J - a potion of magic {unknown}


   Skills:
 * Level 11.8 Fighting
 * Level 15.2 Axes
 * Level 12.9 Armour
 - Level 0.3 Dodging
 * Level 11.1 Stealth
 * Level 13.9 Shields


You had 14 spell levels left.
You didn't know any spells.
Your spell library contained the following spells:

 Spells                   Type           Power      Damage    Failure   Level
 Lesser Beckoning         Tloc           0%         N/A       100%        2
 Momentum Strike          Conj/Tloc      0%         3d8       100%        2
 Dazzling Flash           Conj/Hex       0%         N/A       100%        3
 Frozen Ramparts          Ice            0%         1d1       100%        3
 Ozocubu's Armour         Ice            0%         N/A       100%        3
 Cause Fear               Hex            0%         N/A       100%        4
 Petrify                  Tmut/Erth      0%         N/A       100%        4
 Summon Ice Beast         Ice/Summ       0%         N/A       100%        4
 Agony                    Necr           0%         N/A       100%        5
 Fireball                 Conj/Fire      0%         3d3       100%        5
 Metabolic Englaciation   Hex/Ice        0%         N/A       100%        5
 Silence                  Hex/Air        0%         N/A       100%        5
 Summon Mana Viper        Hex/Summ       0%         N/A       100%        5
 Monstrous Menagerie      Summ           0%         N/A       100%        7
 Ozocubu's Refrigeration  Ice            0%         4d7       100%        7
 Dragon's Call            Summ           0%         N/A       100%        9
 Blink                    Tloc           Unusable   N/A       N/A         2

Dungeon Overview and Level Annotations

Branches:
Dungeon (11/15)            Temple (1/1) D:4            Lair (5/5) D:11
  Swamp (1/4) Lair:2        Snake (0/4) Lair:3        Slime (0/5) Lair:4
    Orc: D:9-12

Altars:
Ashenzari
Cheibriados
Dithmenos
Elyvilon
Fedhas
Gozag
Hepliaklqana
Kikubaaqudgha
Makhleb
Nemelex Xobeh
Okawaru
Qazlal
Ru
Sif Muna
Trog
Uskayaw
Vehumet
Wu Jian
Xom
Yredelemnul
Zin
The Shining One
Jiyva

Shops:
D:7 ?

Annotations:
D:10 2 transporters, Kurtz's ghost, journeyman OpFi
Lair:4 exclusion: oklob plant


Innate Abilities, Weirdness & Mutations

You cannot be hasted, slowed, berserked, paralysed or teleported.
You can dig through walls and to a lower floor.
You have a pair of large antennae on your head. (SInv)
Your four strong arms can wield two-handed weapons with a shield.


Message History

The vampire mosquito explodes!
The fiery explosion engulfs you!!!
The fiery explosion engulfs the vampire mosquito!!!
You hear a splash.
The fiery explosion engulfs the vampire mosquito!
You hear a splash.
The vampire mosquito explodes!
The fiery explosion engulfs you!
* * * LOW HITPOINT WARNING * * *
The fiery explosion engulfs the vampire mosquito!!
The mangrove smoulders and burns.
The vampire mosquito explodes!
The fiery explosion engulfs you!!!
Thought so.
The mangrove smoulders and burns.
The vampire mosquito explodes!
The fiery explosion engulfs you!!
The vampire mosquito explodes!
The fiery explosion engulfs you!!
You are engulfed in blazing flames.
You hear a deafening roar!
You have reached level 15!
Your experience leads to an increase in your attributes!
Increase (S)trength, (I)ntelligence, or (D)exterity?
You feel stronger. x2
Found 6 gold pieces.
Unknown command.
You are engulfed in blazing flames.
* * * LOW HITPOINT WARNING * * *
The tyrant leech seems to regain its courage.
The tyrant leech is no longer distracted by gold.
The tyrant leech is distracted by your dazzling golden aura.
You see here 2 gold pieces.
Okay, then.
A tyrant leech is nearby!
A tyrant leech is nearby!
A tyrant leech is nearby!
You enter the shallow water.
Moving in this stuff is going to be slow.
You are engulfed in blazing flames.
You die...
Your body crumbles into a pile of gold.

♣..~~~~..~~>.~~♣~
~.~.♣...~~~~.~~~.~~...
~~....~~.~~~......~~.
...~~^...~~.~....~~>
♣.$§~....~~.♣♣♣♣♣~.~
♣.~♣♣♣~.~~~.$~♣ ♣♣♣♣
♣..§~♣........♣
♣.~§...$..~...♣♣♣~ .
♣§~@§:~~...$~~...~..
{♣§§$§§$$.~~~~~~~..~.
♣♣§§§§§$$..~~~~~~~~
≈♣..§§.§§♣♣♣♣..~~~~~~
≈§..$§§§§♣♣ ♣~~~..~~~
.~$...~...~ ♣.....$§~
.$$♣♣♣..w..~
♣~.~~~..~. ♣♣♣
♣♣♣$..$~ .~~~§~...
♣.~~... ~~~~...


You could see a tyrant leech (inner flame, unaware).

Vanquished Creatures
  A bunyip (Swamp:1)
  4 catoblepae
  3 hydras
  A ghost crab (Swamp:1)
  A two-headed ogre (D:10)
  11 death yaks (Lair:5)
  A tengu warrior (D:10)
  Amaemon (D:10)
  A skyshark (Lair:4)
  A spriggan druid (Swamp:1)
  A will-o-the-wisp (Swamp:1)
  2 manticores (Lair:5)
  A black mamba (Lair:5)
  19 elephants
  6 cane toads
  An orange demon (D:10)
  5 rime drakes
  9 komodo dragons
  A troll (D:11)
  A tengu conjurer (D:10)
  4 polar bears
  2 hornets (Swamp:1)
  Grinder (D:4)
  3 tyrant leeches (Swamp:1)
  8 dream sheep
  7 blink frogs
  A spriggan (Swamp:1)
  45 yaks
  4 wyverns
  2 vampires (D:11)
  5 basilisks
  14 vampire mosquitoes
  Menkaure (D:7)
  A steam dragon (D:7)
  3 swamp worms (Swamp:1)
  2 acid dragons (D:11)
  14 water moccasins
  An orc warrior (D:9)
  A black bear (D:11)
  An ice beast (D:7)
  3 ogres
  8 wolves
  3 phantoms
  8 centaurs
  7 kobold brigands
  Blork the orc (D:4)
  15 bullfrogs
  3 gnoll sergeants
  2 scorpions
  10 wights
  4 killer bees (D:9)
  5 howler monkeys
  2 jellies
  4 hounds
  2 orc priests
  2 gnoll boudas
  3 sleepcaps
  Natasha (thrice) (D:4)
  13 hell rats
  2 iguanas (D:5)
  4 orc wizards
  25 gnolls
  8 adders
  2 ufetubi
  A dart slug (D:1)
  14 orcs
  7 endoplasms
  3 giant cockroaches (D:1)
  6 goblins
  6 hobgoblins
  8 jackals
  23 kobolds
  5 quokkas
  8 ball pythons
  2 bats (D:2)
  3 frilled lizards
  10 rats
426 creatures vanquished.

Vanquished Creatures (others)
  A bloated husk (Swamp:1)
  A tyrant leech (Swamp:1)
  A spriggan (Swamp:1)
  14 foxfires (Swamp:1)
17 creatures vanquished.

Grand Total: 443 creatures vanquished

Notes
Turn   | Place    | Note
-------+----------+-------------------------------------------
     0 | D:1      | GigaChad the Formicid Fighter began the quest for the Orb.
     0 | D:1      | Reached XP level 1. HP: 18/18 MP: 1/1
    68 | D:1      | Reached XP level 2. HP: 24/24 MP: 2/2
   210 | D:1      | Reached XP level 3. HP: 27/29 MP: 3/3
   948 | D:2      | Reached XP level 4. HP: 37/37 MP: 4/4
  1127 | D:2      | Found a hide-covered altar of Uskayaw.
  1338 | D:3      | Entered explore mode.
  1522 | D:3      | Reached skill level 3 in Axes
  1998 | D:4      | Noticed Blork the orc
  2013 | D:4      | Killed Blork the orc
  2014 | D:4      | Reached skill level 1 in Stealth
  2014 | D:4      | Reached XP level 5. HP: 8/42 MP: 5/5
  2014 | D:4      | Found a staircase to the Ecumenical Temple.
  2159 | Temple   | Entered the Ecumenical Temple
  2180 | Temple   | Became a worshipper of Gozag Ym Sagoz the Greedy
  2276 | D:4      | Noticed Natasha
  2287 | D:4      | Killed Natasha
  2296 | D:4      | Noticed Natasha
  2302 | D:4      | Killed Natasha
  2303 | D:4      | Reached XP level 6. HP: 27/48 MP: 6/6
  2396 | D:4      | Noticed Grinder
  2414 | D:4      | Killed by nerve-wracking pain
                  | ... invoked by Grinder
                  | (13 damage)
  2417 | D:4      | Killed Grinder
  2418 | D:4      | Reached skill level 4 in Axes
  2418 | D:4      | Reached skill level 5 in Shields
  2418 | D:4      | Reached XP level 7. HP: 55/55 MP: 7/7
  2432 | D:4      | Found a broken altar of Ashenzari.
  2436 | D:4      | Found a bloodstained altar of Trog.
  2570 | D:4      | Reached skill level 5 in Axes
  2578 | D:4      | Noticed Natasha
  2585 | D:4      | Killed Natasha
  2992 | D:5      | Entered Level 5 of the Dungeon
  3037 | D:5      | Reached skill level 5 in Armour
  3404 | D:5      | Reached XP level 8. HP: 60/61 MP: 8/8
  3442 | D:5      | Reached skill level 5 in Fighting
  3452 | D:5      | Reached skill level 6 in Axes
  4631 | D:6      | Identified the +0 robe of Pexipirph {Dex+2 SInv Stlth+}
  4644 | D:6      | Reached skill level 7 in Axes
  4647 | D:6      | Reached XP level 9. HP: 67/69 MP: 9/9
  4931 | D:7      | Found a radiant altar of Vehumet.
  5380 | D:7      | Reached skill level 8 in Axes
  5507 | D:7      | Noticed Menkaure
  5516 | D:7      | Killed Menkaure
  5527 | D:7      | Reached skill level 5 in Stealth
  5858 | D:7      | Found Gemacehe's Magic Scroll Shop.
  5861 | D:7      | Bought a scroll of brand weapon for 114 gold pieces
  5861 | D:7      | Bought 3 scrolls of enchant armour for 270 gold pieces
  6052 | D:8      | Reached XP level 10. HP: 70/77 MP: 10/10
  6135 | D:8      | Found a shadowy altar of Dithmenos.
  6517 | D:8      | Reached skill level 9 in Axes
  7129 | D:8      | Noticed a three-headed hydra
  7134 | D:8      | Killed a one-headed hydra
  7264 | D:9      | Slain by a wight
                  | ... wielding a +4 halberd
                  | (10 damage)
  7269 | D:9      | Reached skill level 10 in Axes
  7277 | D:9      | Slain by a wight
                  | ... wielding a +4 halberd
                  | (10 damage)
  7288 | D:9      | Slain by a wight
                  | ... wielding a +4 halberd
                  | (11 damage)
  7296 | D:9      | HP: 2/51 [wight/+4 halberd (4)]
  7907 | D:9      | Reached XP level 11. HP: 51/73 MP: 11/11
  8236 | D:9      | Found a stormy altar of Qazlal.
  8569 | D:9      | Found a white marble altar of Elyvilon.
  9307 | D:10     | Entered Level 10 of the Dungeon
  9390 | D:10     | Slain by a yak (6 damage)
  9406 | D:10     | Reached skill level 11 in Axes
  9527 | D:10     | Noticed a tengu warrior
  9532 | D:10     | Noticed a two-headed ogre
  9540 | D:10     | HP: 3/86 [tengu warrior/+1 bardiche (17)]
  9540 | D:10     | Slain by a tengu warrior
                  | ... wielding a +1 bardiche
                  | (3 damage)
  9541 | D:10     | Killed a tengu warrior
  9542 | D:10     | Noticed a moth of wrath
  9760 | D:10     | Noticed Kurtz's ghost (journeyman OpFi)
  9764 | D:10     | Noticed a tengu warrior
  9795 | D:10     | Found a bloodstained altar of Trog.
  9808 | D:10     | Found a transporter.
  9815 | D:10     | Found a transporter.
  9968 | D:10     | Noticed Amaemon
  9970 | D:10     | Noticed a two-headed ogre
  9977 | D:10     | Killed a two-headed ogre
  9981 | D:10     | HP: 3/87 [poisoned by Amaemon]
  9981 | D:10     | Slain by Amaemon
                  | ... wielding a -1 demon whip of venom
                  | (7 damage)
  9989 | D:10     | Killed Amaemon
  9997 | D:10     | HP: 2/87 [orange demon[Amaemon] (6)]
  9998 | D:10     | Slain by an orange demon (2 damage)
                  | ... led by Amaemon
 10464 | D:11     | Reached skill level 10 in Shields
 10490 | D:11     | Reached XP level 12. HP: 50/94 MP: 12/12
 10999 | D:11     | Found a staircase to the Lair.
 11600 | Lair:1   | Entered Level 1 of the Lair of Beasts
 11938 | Lair:1   | Reached skill level 12 in Axes
 11938 | Lair:1   | Reached skill level 10 in Armour
 13424 | Lair:2   | Found a staircase to the Swamp.
 13729 | Swamp:1  | Entered Level 1 of the Swamp
 13800 | Lair:3   | HP: 4/96 [komodo dragon (10)]
 13801 | Lair:3   | Mangled by a komodo dragon (13 damage)
 13803 | Lair:3   | Reached XP level 13. HP: 93/101 MP: 13/13
 13822 | Lair:3   | Reached skill level 13 in Axes
 13823 | Lair:3   | Slain by a dream sheep (21 damage)
 13868 | Lair:3   | Slain by an elephant (13 damage)
 14095 | Lair:3   | Found a staircase to the Snake Pit.
 14163 | Lair:3   | Reached skill level 10 in Fighting
 15052 | Lair:4   | Found a viscous altar of Jiyva.
 15054 | Lair:4   | Found a staircase to the Slime Pits.
 15116 | Lair:4   | HP: 4/103 [skyshark (13)]
 15116 | Lair:4   | Slain by a skyshark (9 damage)
 15355 | Lair:4   | Noticed a catoblepas
 15399 | Lair:4   | Killed a catoblepas
 16159 | Lair:4   | Identified a scroll of acquirement
 16159 | Lair:4   | Acquired 721 gold pieces
 16162 | Lair:5   | Entered Level 5 of the Lair of Beasts
 16202 | Lair:5   | Reached skill level 14 in Axes
 16410 | Lair:5   | Reached skill level 10 in Stealth
 16418 | Lair:5   | Noticed a five-headed hydra
 16422 | Lair:5   | Reached XP level 14. HP: 12/111 MP: 14/14
 16422 | Lair:5   | Slain by a basilisk (10 damage)
 16429 | Lair:5   | HP: 4/111 [death yak (13)]
 16431 | Lair:5   | Slain by a yak (7 damage)
 16454 | Lair:5   | HP: 1/111 [death yak (17)]
 16455 | Lair:5   | Mangled by a death yak (8 damage)
 17320 | Lair:5   | HP: 3/113 [manticore (14)]
 17320 | Lair:5   | HP: 1/113 [manticore (2)]
 17321 | Lair:5   | Slain by a manticore (2 damage)
 17558 | Lair:5   | HP: 3/113 [catoblepas (9)]
 17563 | Lair:5   | Mangled by a catoblepas (12 damage)
                  | ... while petrified by a catoblepas
 17568 | Lair:5   | Reached skill level 15 in Axes
 17846 | Lair:5   | HP: 4/113 [catoblepas (14)]
 17851 | Lair:5   | Slain by a catoblepas (6 damage)
                  | ... while petrified by a catoblepas
 18310 | Swamp:1  | Noticed a bunyip
 18331 | Swamp:1  | HP: 4/113 [bunyip[a spriggan druid] (5)]
 18336 | Swamp:1  | Demolished by a bunyip (23 damage)
                  | ... called by a spriggan druid
 18353 | Swamp:1  | Killed a bunyip
 18355 | Swamp:1  | HP: 1/113 [spriggan rider/+0 spear (11)]
 18357 | Swamp:1  | Slain by a spriggan rider
                  | ... wielding a +0 spear
                  | (2 damage)
 19000 | Swamp:1  | HP: 5/114 [vampire mosquito (3)]
 19000 | Swamp:1  | Mangled by a goliath frog (11 damage)
 19009 | Swamp:1  | HP: 5/114 [vampire mosquito (3)]
 19010 | Swamp:1  | Slain by a will-o-the-wisp (6 damage)
 19017 | Swamp:1  | HP: 3/114 [will-o-the-wisp/foxfire (22)]
 19017 | Swamp:1  | Mangled by a tyrant leech (11 damage)
 19021 | Swamp:1  | Killed from afar by a will-o-the-wisp (33 damage)
                  | ... with a foxfire
 19023 | Swamp:1  | Slain by a goliath frog (10 damage)
 19027 | Swamp:1  | Killed from afar by a will-o-the-wisp (20 damage)
                  | ... with a foxfire
 19033 | Swamp:1  | HP: 3/114 [vampire mosquito (3)]
 19034 | Swamp:1  | Slain by a vampire mosquito (8 damage)
 19040 | Swamp:1  | Demolished by a goliath frog (27 damage)
 19045 | Swamp:1  | Mangled by a goliath frog (23 damage)
 19049 | Swamp:1  | Slain by a goliath frog (7 damage)
 19051 | Swamp:1  | HP: 3/114 [vampire mosquito (8)]
 19051 | Swamp:1  | Mangled by a vampire mosquito (13 damage)
 19054 | Swamp:1  | Mangled by a vampire mosquito (10 damage)
 19057 | Swamp:1  | Slain by a tyrant leech (18 damage)
 19059 | Swamp:1  | Slain by a vampire mosquito (12 damage)
 19061 | Swamp:1  | Slain by a vampire mosquito (12 damage)
 19062 | Swamp:1  | HP: 3/114 [acid (10)]
 19062 | Swamp:1  | Demolished by a tyrant leech (19 damage)
 19064 | Swamp:1  | Slain by a vampire mosquito (9 damage)
 19066 | Swamp:1  | Slain by a goliath frog (25 damage)
 19069 | Swamp:1  | Slain by a vampire mosquito (8 damage)
 19070 | Swamp:1  | HP: 3/114 [acid (11)]
 19070 | Swamp:1  | Slain by a vampire mosquito (8 damage)
 19072 | Swamp:1  | Demolished by a goliath frog (23 damage)
 19073 | Swamp:1  | Splashed by a goliath frog's acid (12 damage)
 19075 | Swamp:1  | HP: 3/114 [acid (7)]
 19075 | Swamp:1  | Demolished by a tyrant leech (18 damage)
 19078 | Swamp:1  | HP: 1/114 [tyrant leech (2)]
 19078 | Swamp:1  | Mangled by a vampire mosquito (11 damage)
 19080 | Swamp:1  | Slain by a vampire mosquito (5 damage)
 19083 | Swamp:1  | HP: 4/114 [goliath frog (12)]
 19083 | Swamp:1  | Splashed by a goliath frog's acid (7 damage)
 19087 | Swamp:1  | Slain by a vampire mosquito (10 damage)
 19088 | Swamp:1  | Killed by an exploding vampire mosquito (36 damage)
                  | ... ignited by their inner flame
 19089 | Swamp:1  | Reached XP level 15. HP: 43/120 MP: 15/15
 19091 | Swamp:1  | Engulfed by a cloud of flame

Illustrated notes

Levels and vault maps discovered:
D:1:      dpeg_arrival_rhombi, layout_basic
D:2:      layout_loops_ring, basic_altar
D:3:      cheibrodos_old_hovel, layout_loops_ring
D:4:      layout_loops_ring, mainiacjoe_overflow_big_doors,
          minmay_temple_entry_overgrown, dreamdust_wishing_well, uniq_natasha,
          uniq_grinder, uniq_blork_the_orc
D:5:      layout_loops_ring, dreamdust_gnoll_farm
D:6:      layout_basic
D:7:      layout_basic, nicolae_vehumet_radiance, serial_shops,
          nicolae_shop_real_fake_doors, st_stairs_5, uniq_menkaure
D:8:      layout_loops_cross, lemuel_round_altar, hangedman_ranch
D:9:      layout_cave_pools, elyvilon_altar_1, mainiacjoe_overflow_brackets
D:10:     layout_irregular_city, gammafunk_ghost_wrathful_warriors,
          minmay_misc_feat_secret_circle, uniq_amaemon
D:11:     layout_cave_pools, david_lair_generic
Temple:   nicolae_temple_slightly_damp_pantheon
Lair:1:   layout_big_grid, minmay_stone_trees_small,
          chequers_serial_rivers_room_a, lemuel_fruit_fields
Lair:2:   layout_loops_ring, swamp_mist
Lair:3:   layout_gridlike, dummy_snake_entry, serial_bayou_shore_a
Lair:4:   layout_regular_city, minmay_slime_entry_oklob_enclosed,
          cheibrodos_lair_caveside_slide, nicolae_lair_grove_arrangements
Lair:5:   evilmike_catoblepas_cave, layout_loops_ring,
          nicolae_quartered_pool_little
Swamp:1:  layout_basic_swamp, evilmike_swamp_ruin_house_1, swamp_pool1,
          nicolae_swamp_bloodsuckers_inc, uniq_roxanne

Skill      XL: |  1  2  3  4  5  6  7  8  9 10 11 12 13 14 |
---------------+-------------------------------------------+-----
Axes           | 3 4 5 7 8 10 11 12 14 15 | 15.2
Fighting       | 4 5 6 7 8 9 10 11 | 11.8
Armour         | 4 5 6 7 8 9 10 11 12 | 12.9
Stealth        | 1 2 4 5 6 7 8 10 11 | 11.1
Shields        | 5 6 8 10 11 12 13 | 13.9
Dodging        | |  0.3

Action                     |  1- 3 |  4- 6 |  7- 9 | 10-12 | 13-15 || total
---------------------------+-------+-------+-------+-------+-------++-------
  Melee: War axe           |    81 |    87 |   325 |   574 |   553 ||  1620
         Battleaxe         |       |       |       |       |    29 ||    29
Ability: Dig               |       |       |       |       |     1 ||     1
    Use: Scroll            |       |     8 |     6 |    13 |     3 ||    30
   Stab: Distracted        |       |       |     2 |     3 |     1 ||     6
         Petrified         |       |       |       |       |     2 ||     2
 Armour: Scale mail        |    55 |    11 |       |       |       ||    66
         Plate armour      |       |    55 |   314 |   577 |   908 ||  1854
  Dodge: Dodged            |    37 |    27 |   106 |   182 |   223 ||   575
  Block: Buckler           |    22 |    17 |    72 |       |       ||   111
         Kite shield       |       |       |    42 |   515 |   569 ||  1126

Table legend: (Time is in decaauts)
 A = Elapsed time spent in this place.
 B = Non-inter-level travel time spent in this place.
 C = Inter-level travel time spent in this place.
 D = Time resting spent in this place.
 E = Time spent auto-exploring this place.
 F = Levels seen in this place.
 G = Mean time per level.
                   A        B        C        D        E       F      G
               +--------+--------+--------+--------+--------+-----+--------+
         Total |  19198 |  18372 |    826 |    870 |  13867 |  18 | 1066.6 |
       Dungeon |  11720 |  11025 |    695 |    870 |   7892 |  11 | 1065.5 |
        Temple |     40 |     40 |      0 |      0 |      0 |   1 |   40.0 |
          Lair |   6630 |   6499 |    131 |      0 |   5378 |   5 | 1326.0 |
         Swamp |    806 |    806 |      0 |      0 |    597 |   1 |  806.0 |
               +--------+--------+--------+--------+--------+-----+--------+

Top non-repeatable levels by time:
  Lair:5: 2023 daAuts
     D:9: 1674 daAuts
  Lair:4: 1503 daAuts
    D:11: 1396 daAuts
     D:7: 1342 daAuts
     D:8: 1306 daAuts
     D:5: 1122 daAuts
  Lair:1: 1079 daAuts
  Lair:2: 1065 daAuts
     D:4: 1036 daAuts
  Lair:3: 958 daAuts
    D:10: 900 daAuts
     D:6: 852 daAuts
 Swamp:1: 806 daAuts
     D:2: 767 daAuts
